[Event "Titled Tuesday Blitz May 30 Early 2023"]
[White "Shtompel, Yuriy"]
[Black "Mendez Fortes, Eduardo Jesus"]
[WhiteFideId "14168278"]
[BlackFideId "3502376"]
[WhiteElo "1844"]
[BlackElo "2307"]
[Result "0-1"]
[Round "01"]
[TimeControl "180+2"]
[Date "2023.05.30"]
[WhiteClock "0:00:02"]
[BlackClock "0:00:19"]

1. Nf3 d5 2. g3 Nf6 3. Bg2 e6 4. O-O Be7 5. d3 O-O 6. Nbd2 c5 7. e4 Nc6 8. c3 b5 9. Re1 Bb7 10. exd5 Nxd5 11. d4 cxd4 12. Nxd4 Nxd4 13. cxd4 a6 14. Ne4 Rc8 15. Bd2 Qd7 16. Rc1 Rxc1 17. Qxc1 Rc8 18. Qb1 Nb6 19. Qd3 Bd5 20. b3 Qb7 21. Ba5 Nd7 22. Bf3 b4 23. Kg2 f5 24. Nd2 Rc3 25. Qe2 Rxf3 26. Nxf3 Nf8 27. Rd1 g5 28. Rc1 g4 29. Kg1 Bxf3 30. Qd2 Bh1 31. f4 gxf3 32. Rc7 f2+ 33. Qxf2 Qd5 34. Rxe7 Be4 35. Bxb4 a5 36. Ba3 Ng6 37. Re8+ Kf7 38. Rc8 e5 39. Rc7+ Kg8 40. Rc8+ Kg7 41. Rc7+ Kh6 42. Qd2+ f4 43. Rc5 Qd7 44. gxf4 Qg4+ 45. Kf1 Nxf4 46. Rc6+ Bxc6 47. Bf8+ Kh5 48. Qf2 Bb5+ 49. Ke1 Nd3+ 50. Kd2 Nxf2 0-1


[Site "https://www.chess.com"]

[Event "Titled Tuesday Blitz May 30 Early 2023"]
[White "Weishaeutel, Moritz"]
[Black "Real_taiatai"]
[WhiteFideId "12967300"]
[WhiteElo "2301"]
[BlackElo "2378"]
[Result "1/2-1/2"]
[Round "01"]
[TimeControl "180+2"]
[Date "2023.05.30"]
[WhiteClock "0:00:04"]
[BlackClock "0:00:06"]

1. e4 c5 2. d4 cxd4 3. c3 d5 4. exd5 Qxd5 5. cxd4 Nc6 6. Nf3 e6 7. Nc3 Qd8 8. Bd3 Nf6 9. O-O Be7 10. Re1 O-O 11. a3 b6 12. Bc2 Bb7 13. Bg5 Rc8 14. Qd3 g6 15. Rad1 Nd5 16. Bh6 Re8 17. Ne4 Ncb4 18. axb4 Nxb4 19. Qd2 Rxc2 20. Qf4 Nd5 21. Qe5 Bf6 22. Qg3 Bg7 23. Bg5 Qb8 24. Qh4 f5 25. Ned2 Qd6 26. Ne5 Qb4 27. Ndf3 Rxb2 28. Bc1 Rc2 29. Ng5 Nf6 30. Nd7 Nh5 31. Nxe6 Qe7 32. Bg5 Qxd7 33. Nxg7 Rxe1+ 34. Rxe1 Nxg7 35. Re7 Qd5 36. f3 Ra2 37. Bf6 Ra1+ 38. Kf2 Ra2+ 39. Kg1 Rxg2+ 40. Kh1 Nh5 41. Be5 Rg5 42. Qxg5 Qxf3+ 43. Kg1 Qh1+ 44. Kf2 Qf3+ 45. Ke1 Qe4+ 46. Kd1 Qd3+ 47. Kc1 Qc3+ 48. Kb1 Be4+ 49. Ka2 Bd5+ 50. Kb1 Be4+ 51. Ka2 Bd5+ 52. Kb1 Qb3+ 53. Kc1 Qc3+ 54. Kb1 1/2-1/2


[Site "https://www.chess.com"]

[Event "Titled Tuesday Blitz May 30 Early 2023"]
[White "Lopez Del Alamo, Antonio"]
[Black "Vlassov, Nikolai"]
[WhiteFideId "2227339"]
[BlackFideId "4103360"]
[WhiteElo "2175"]
[BlackElo "2324"]
[Result "0-1"]
[Round "01"]
[TimeControl "180+2"]
[Date "2023.05.30"]
[WhiteClock "0:00:24"]
[BlackClock "0:00:10"]

1. e4 c5 2. Nf3 d6 3. d4 cxd4 4. Nxd4 Nf6 5. Nc3 a6 6. Be2 e5 7. Nb3 Be6 8. Be3 Be7 9. Nd5 Nbd7 10. Qd3 O-O 11. Nxe7+ Qxe7 12. c4 Rac8 13. Rc1 Nc5 14. Nxc5 dxc5 15. O-O Rfd8 16. Qc2 Nd7 17. Qc3 f6 18. f4 exf4 19. Bxf4 Nb8 20. e5 f5 21. Rcd1 Nc6 22. Rd6 Nd4 23. Bd3 Rxd6 24. exd6 Qf6 25. Re1 Qg6 26. Bf1 b5 27. b3 b4 28. Qd3 a5 29. g3 a4 30. Bg2 Qf7 31. Be5 axb3 32. axb3 Nc6 33. Ra1 Nxe5 34. Qe3 Ng6 35. Qxe6 Qxe6 36. Bd5 Qxd5 37. cxd5 Rd8 38. Rc1 Rxd6 39. Rxc5 Ne7 40. Rb5 Nxd5 41. Kg2 Kf7 42. Kf3 Ke6 43. h3 g5 44. h4 h6 45. hxg5 hxg5 46. Kg2 g4 47. Kf2 Ke5 48. Rb8 Ke4 49. Re8+ Kd3 50. Rc8 Nc3 51. Rc5 Ne4+ 0-1


[Site "https://www.chess.com"]

[Event "Titled Tuesday Blitz May 30 Early 2023"]
[White "Hoghmrtsyan, Artur"]
[Black "Rangel, Daniel"]
[WhiteFideId "13306685"]
[BlackFideId "2124475"]
[WhiteElo "2674"]
[BlackElo "2256"]
[Result "0-1"]
[Round "01"]
[TimeControl "180+2"]
[Date "2023.05.30"]
[WhiteClock "0:00:00"]
[BlackClock "0:00:08"]

1. d4 Nf6 2. c4 e6 3. Nf3 d5 4. Nc3 Be7 5. Bg5 Ne4 6. Bxe7 Qxe7 7. Qb3 Nxc3 8. Qxc3 c6 9. e3 O-O 10. Bd3 b6 11. O-O Bb7 12. a4 a5 13. Rfc1 Na6 14. Bb1 Nb4 15. Ne5 Rac8 16. c5 f6 17. Nd3 Nxd3 18. Bxd3 bxc5 19. Qxc5 Qxc5 20. Rxc5 Ra8 21. Ra3 Rfb8 22. g3 g6 23. Rb3 Kf7 24. Rb6 Ke7 25. b4 axb4 26. a5 Bc8 27. Rbxc6 Bd7 28. Rc7 Kd6 29. e4 dxe4 30. Bxe4 Ra6 31. Bb7 Rxa5 32. Rxa5 Kxc7 33. Be4 b3 34. d5 b2 35. Bb1 e5 36. Ra7+ Kd6 37. Ra6+ Kc5 38. d6 Bf5 39. d7 Bxb1 0-1


[Site "https://www.chess.com"]

[Event "Titled Tuesday Blitz May 30 Early 2023"]
[White "Urbina Perez, Juan Antonio"]
[Black "Sahib Singh"]
[WhiteFideId "2217368"]
[BlackFideId "25618342"]
[WhiteElo "2197"]
[BlackElo "1934"]
[Result "0-1"]
[Round "01"]
[TimeControl "180+2"]
[Date "2023.05.30"]
[WhiteClock "0:00:33"]
[BlackClock "0:00:30"]

1. e4 e6 2. d4 d5 3. Nd2 c5 4. exd5 Qxd5 5. Ngf3 cxd4 6. Bc4 Qd6 7. O-O Nf6 8. Nb3 Nc6 9. Nbxd4 Nxd4 10. Nxd4 a6 11. c3 Qc7 12. Qe2 Bd6 13. h3 O-O 14. Bd3 Bd7 15. Re1 Rfe8 16. Bg5 Nd5 17. Qh5 g6 18. Qh4 e5 19. Nb3 f5 20. Rad1 Be6 21. Bc4 Nf4 22. Bxe6+ Nxe6 23. Bf6 e4 24. Nd4 Nc5 25. Re2 Be5 26. Bxe5 Qxe5 27. Nb3 Ne6 28. Nd4 Rad8 29. Red2 Nc5 30. Qg5 Rd7 31. Nb3 Ne6 32. Qh6 Rxd2 33. Rxd2 Qf4 34. Qxf4 Nxf4 35. Rd7 b6 36. Rd6 e3 37. fxe3 Rxe3 38. Nd4 Re1+ 39. Kf2 Rd1 40. Rxb6 a5 41. h4 Rh1 42. g3 Rh2+ 43. Ke3 Nd5+ 44. Kd3 Nxb6 0-1


[Site "https://www.chess.com"]

[Event "Titled Tuesday Blitz May 30 Early 2023"]
[White "Levitskiy, Andrey"]
[Black "Kohler, Aran"]
[WhiteFideId "14132885"]
[BlackFideId "1002856"]
[WhiteElo "2347"]
[BlackElo "2366"]
[Result "1-0"]
[Round "01"]
[TimeControl "180+2"]
[Date "2023.05.30"]
[WhiteClock "0:01:10"]
[BlackClock "0:00:57"]

1. e4 g6 2. d4 Bg7 3. Nc3 d6 4. Be3 a6 5. Qd2 Nd7 6. h4 h6 7. f4 e6 8. Nf3 Ne7 9. h5 b5 10. a3 Bb7 11. O-O-O d5 12. e5 Nf5 13. Bf2 Bf8 14. g4 Ne7 15. hxg6 fxg6 16. Bh4 c5 17. Bd3 Qb6 18. Bxe7 Bxe7 19. Bxg6+ Kd8 20. f5 cxd4 21. Nxd4 Bg5 22. Qxg5+ hxg5 23. Rxh8+ Ke7 24. Rh7+ Kf8 25. Nxe6+ Kg8 26. Rg7+ 1-0


[Site "https://www.chess.com"]

[Event "Titled Tuesday Blitz May 30 Early 2023"]
[White "Silvestre, Christian"]
[Black "Rendle, Thomas E"]
[WhiteFideId "30956269"]
[BlackFideId "408760"]
[WhiteElo "2366"]
[BlackElo "2428"]
[Result "0-1"]
[Round "01"]
[TimeControl "180+2"]
[Date "2023.05.30"]
[WhiteClock "0:01:03"]
[BlackClock "0:01:28"]

1. e4 e5 2. Nf3 Nc6 3. Bc4 Nf6 4. d3 Be7 5. h3 O-O 6. Nc3 d6 7. a3 Kh8 8. Be3 Ng8 9. g4 Be6 10. Qd2 Qd7 11. O-O-O a6 12. Nd5 b5 13. Bb3 a5 14. Ng5 Bxg5 15. Bxg5 Nd4 16. Be3 Nxb3+ 17. cxb3 Ne7 18. d4 Nxd5 19. exd5 Bxd5 20. Rde1 Bxh1 0-1


[Site "https://www.chess.com"]

[Event "Titled Tuesday Blitz May 30 Early 2023"]
[White "Bolourchifard, Farzad"]
[Black "Koridze, Lile"]
[WhiteFideId "12510084"]
[BlackFideId "13612514"]
[WhiteElo "2317"]
[BlackElo "2047"]
[Result "1-0"]
[Round "01"]
[TimeControl "180+2"]
[Date "2023.05.30"]
[WhiteClock "0:00:25"]
[BlackClock "0:01:21"]

1. d4 Nf6 2. Nf3 d5 3. c4 e6 4. Nc3 Bb4 5. Bg5 h6 6. Bxf6 Qxf6 7. e3 O-O 8. cxd5 exd5 9. Be2 c6 10. O-O Bf5 11. Ne5 Nd7 12. Nxd7 Bxd7 13. a3 Bd6 14. b4 Qh4 15. g3 Qh3 16. Bf3 h5 17. Bxh5 g6 18. Bf3 Kg7 19. Bg2 Qh6 20. h4 Rh8 21. f4 Rae8 22. e4 dxe4 23. Nxe4 Bc7 24. d5 Bb6+ 25. Nc5 cxd5 26. Qxd5 Bc6 27. Qd4+ Kh7 28. Rae1 Qh5 29. Bxc6 bxc6 30. Re5 Qg4 31. Kh2 Rd8 32. Qc3 Rhe8 33. Ne4 Qe2+ 34. Rf2 Bxf2 35. Ng5+ Kg8 36. Rxe2 Rxe2 37. Qc4 Bg1+ 38. Kh3 Rd5 39. Qxe2 1-0


[Site "https://www.chess.com"]

[Event "Titled Tuesday Blitz May 30 Early 2023"]
[White "Fernandez Siles, Luis"]
[Black "Veiga, Jose Francisco R P Neves"]
[WhiteFideId "2209420"]
[BlackFideId "1930087"]
[WhiteElo "2195"]
[BlackElo "2320"]
[Result "0-1"]
[Round "01"]
[TimeControl "180+2"]
[Date "2023.05.30"]
[WhiteClock "0:00:18"]
[BlackClock "0:00:11"]

1. d4 Nf6 2. c4 e6 3. Nf3 b6 4. a3 Bb7 5. Nc3 d5 6. cxd5 Nxd5 7. Qc2 c5 8. e4 Nxc3 9. bxc3 Be7 10. Bd3 O-O 11. O-O Nd7 12. Qe2 Qc7 13. h4 c4 14. Bc2 e5 15. h5 h6 16. dxe5 Nxe5 17. Nd4 Bf6 18. f4 Nd7 19. e5 Rfe8 20. Nf5 Nxe5 21. fxe5 Bxe5 22. Qg4 Kh8 23. Bf4 Qc5+ 24. Kh1 Bxc3 25. Nd6 Re7 26. Nxb7 Rxb7 27. Be4 Bxa1 28. Bxb7 Rf8 29. Rxa1 c3 30. Be4 f5 31. Bd6 Qxd6 32. Bxf5 Qe5 33. Qg6 Qxf5 34. Qxf5 Rxf5 35. Rc1 Rxh5+ 36. Kg1 Rc5 37. Kf2 Kg8 0-1


[Site "https://www.chess.com"]

[Event "Titled Tuesday Blitz May 30 Early 2023"]
[White "Jeet, Jain"]
[Black "Goswami, Vedant"]
[WhiteFideId "5073022"]
[BlackFideId "5003725"]
[WhiteElo "2067"]
[BlackElo "2011"]
[Result "1-0"]
[Round "01"]
[TimeControl "180+2"]
[Date "2023.05.30"]
[WhiteClock "0:00:17"]
[BlackClock "0:00:00"]

1. Nf3 Nc6 2. c4 e5 3. Nc3 g6 4. g3 Bg7 5. Bg2 h5 6. d3 d6 7. Rb1 Nh6 8. b4 Rb8 9. b5 Ne7 10. Qa4 Ra8 11. Bd2 O-O 12. O-O Nhf5 13. e4 Nd4 14. Nxd4 exd4 15. Nd5 Nxd5 16. cxd5 h4 17. Rfc1 Bd7 18. Qc4 Rc8 19. a4 hxg3 20. hxg3 Bg4 21. f3 Bd7 22. Rc2 f5 23. Bc1 fxe4 24. dxe4 g5 25. Bb2 Be5 26. g4 Qf6 27. Rd1 Bxg4 28. Bxd4 Bxf3 29. Rf2 g4 30. Bxe5 Qxe5 31. Rdf1 Rf4 32. Bxf3 gxf3 33. Rxf3 Qg5+ 34. Kh2 Rh4+ 35. Rh3 Qe5+ 36. Kg2 Rg4+ 37. Kh1 Qxe4+ 38. Qxe4 Rxe4 39. Rg3+ Kh7 40. Kg2 Rh4 41. Rf7+ Kh8 42. a5 Rh7 43. Rf6 a6 44. b6 cxb6 45. axb6 Rg8 46. Rxd6 1-0


[Site "https://www.chess.com"]

[Event "Titled Tuesday Blitz May 30 Early 2023"]
[White "Kaganskiy, Gleb"]
[Black "Jia, Haoxiang"]
[WhiteFideId "4132025"]
[BlackFideId "8602999"]
[WhiteElo "2165"]
[BlackElo "2654"]
[Result "0-1"]
[Round "01"]
[TimeControl "180+2"]
[Date "2023.05.30"]
[WhiteClock "0:00:04"]
[BlackClock "0:00:18"]

1. e4 c5 2. Nf3 d6 3. d4 cxd4 4. Qxd4 Nc6 5. Bb5 Bd7 6. Bxc6 Bxc6 7. Nc3 Nf6 8. Bg5 e6 9. O-O-O Be7 10. Rhe1 Qa5 11. Kb1 O-O 12. Qd2 Rfe8 13. Nd4 h6 14. Bh4 Rad8 15. f3 Nxe4 16. Rxe4 Bxe4 17. Bxe7 Bxc2+ 18. Nxc2 Rxe7 19. g4 Rc7 20. h4 Rdc8 21. g5 hxg5 22. hxg5 Qf5 23. f4 d5 24. Ka1 a6 25. Nd4 Qh3 26. a3 Rc4 27. g6 fxg6 28. Re1 Rxc3 29. bxc3 Rxc3 30. Nc2 Rd3 31. Qe2 Kf7 32. Kb1 Rb3+ 33. Kc1 Rc3 34. Kb2 Rb3+ 35. Kc1 Qf5 36. Qd2 Rd3 37. Qb4 b5 38. Qc5 Qxf4+ 39. Kb2 Qf6+ 40. Kc1 Rc3 41. Qa7+ Kg8 42. Qb8+ Qf8 43. Qe5 Rc6 44. Kd2 Qf2+ 45. Re2 Qc5 46. Nd4 Qc3+ 47. Kd1 Qc1# 0-1


[Site "https://www.chess.com"]

[Event "Titled Tuesday Blitz May 30 Early 2023"]
[White "Williams, Simon K"]
[Black "Manon-og, Ramon Jr."]
[WhiteFideId "404454"]
[BlackFideId "5200776"]
[WhiteElo "2468"]
[BlackElo "2349"]
[Result "1-0"]
[Round "01"]
[TimeControl "180+2"]
[Date "2023.05.30"]
[WhiteClock "0:00:16"]
[BlackClock "0:00:13"]

1. d4 Nf6 2. Nc3 d5 3. Bf4 e6 4. e3 Bb4 5. Ne2 Ne4 6. a3 Nxc3 7. Nxc3 Bxc3+ 8. bxc3 c5 9. Qg4 O-O 10. Bd3 e5 11. Qh5 g6 12. Qxe5 Nc6 13. Qd6 Qa5 14. Qxc5 Qxc5 15. dxc5 a6 16. O-O Be6 17. Rab1 Ra7 18. Rb6 Rc8 19. Rfb1 Na5 20. Bd6 Rc6 21. f4 Rxb6 22. Rxb6 Nc6 23. h3 h5 24. Kf2 Kg7 25. e4 f6 26. Ke3 Kf7 27. a4 Na5 28. Be2 dxe4 29. Kxe4 Bf5+ 30. Kd4 Bxc2 31. Bf3 Bxa4 32. Bd5+ Kg7 33. g4 h4 34. g5 fxg5 35. fxg5 Bd7 36. Be5+ Kh7 37. Rf6 b5 38. Rf7+ Kg8 39. Rg7+ Kf8 40. Rg8+ Ke7 41. Bf6# 1-0


[Site "https://www.chess.com"]

[Event "Titled Tuesday Blitz May 30 Early 2023"]
[White "Sarkar, Justin"]
[Black "Ehlvest, Jaan"]
[WhiteFideId "2010011"]
[BlackFideId "4500016"]
[WhiteElo "2168"]
[BlackElo "2442"]
[Result "0-1"]
[Round "01"]
[TimeControl "180+2"]
[Date "2023.05.30"]
[WhiteClock "0:00:00"]
[BlackClock "0:02:16"]

1. e4 g6 2. d4 Bg7 3. Nc3 c6 4. Nf3 d5 5. h3 Nf6 6. e5 Ne4 7. Nxe4 dxe4 8. Ng5 O-O 9. Nxe4 Bf5 10. Ng3 Be6 11. Be2 c5 12. c3 cxd4 13. cxd4 Nc6 14. Be3 Qa5+ 15. Kf1 Rad8 16. f4 f6 17. Bf3 fxe5 18. fxe5 Nxe5 0-1


[Site "https://www.chess.com"]

[Event "Titled Tuesday Blitz May 30 Early 2023"]
[White "Dehtiarov, Roman"]
[Black "Goldin, Roman"]
[WhiteFideId "14186640"]
[BlackFideId "2803860"]
[WhiteElo "2189"]
[BlackElo "2312"]
[Result "0-1"]
[Round "01"]
[TimeControl "180+2"]
[Date "2023.05.30"]
[WhiteClock "0:00:00"]
[BlackClock "0:00:20"]

1. c4 e5 2. Nc3 Nf6 3. g3 d5 4. cxd5 Nxd5 5. Bg2 Nb6 6. Nf3 Nc6 7. a3 Be7 8. O-O Be6 9. b4 a5 10. b5 Nd4 11. Rb1 f6 12. d3 O-O 13. Nxd4 exd4 14. Na4 Bd5 15. Bf4 Bxg2 16. Kxg2 Qd5+ 17. Kg1 Rac8 18. Qc2 Bxa3 19. Bxc7 Nxa4 20. Qxa4 Rxc7 21. Qxa3 b6 22. Rfc1 Rfc8 23. Rxc7 Rxc7 24. Qb2 Rc3 25. e4 Qc5 26. Qa2+ Kf8 27. Qe6 Rxd3 28. h4 h5 29. Qd7 Rc3 30. Kg2 d3 31. Rd1 Rc2 0-1


[Site "https://www.chess.com"]

[Event "Titled Tuesday Blitz May 30 Early 2023"]
[White "Uzcategui Rodriguez, Alejandro"]
[Black "Girya, Olga"]
[WhiteFideId "3903400"]
[BlackFideId "4195752"]
[WhiteElo "2252"]
[BlackElo "2263"]
[Result "1/2-1/2"]
[Round "01"]
[TimeControl "180+2"]
[Date "2023.05.30"]
[WhiteClock "0:00:11"]
[BlackClock "0:00:06"]

1. d4 Nf6 2. Nf3 d5 3. Bg5 Ne4 4. Be3 Bf5 5. g3 e6 6. Bg2 h6 7. O-O Nd7 8. Nbd2 Bd6 9. c4 c6 10. a3 a5 11. b3 O-O 12. Rc1 Bxa3 13. Ra1 Bb4 14. Nxe4 Bxe4 15. Nd2 Bxg2 16. Kxg2 Nf6 17. Qc2 Qe7 18. Nf3 Rfd8 19. Bf4 Ne4 20. h3 Rdc8 21. Ne5 Nf6 22. c5 Nd7 23. Nd3 Qd8 24. Nxb4 axb4 25. Qd2 Rxa1 26. Rxa1 Ra8 27. Rxa8 Qxa8 28. Qxb4 Qa6 29. e3 f6 30. Bd6 e5 31. dxe5 Nxe5 32. Qf4 Nf7 33. Qf5 Qa8 34. Qe6 Qd8 35. Bf4 Qa8 36. b4 Qd8 37. h4 Kf8 38. Bd6+ Kg8 39. Kf3 h5 40. Bf4 Qa8 41. Qf5 Qa2 42. Qc8+ Kh7 43. Qxb7 Ne5+ 44. Bxe5 fxe5 45. Qd7 Qc4 46. Qf5+ g6 47. Qxe5 Qxb4 48. Qe7+ Kh6 49. Kg2 Qg4 50. Kh2 Qf3 51. Qg5+ Kh7 52. Qf4 Qd1 53. Qf7+ Kh6 54. Qf8+ Kh7 55. Qf7+ Kh6 56. e4 dxe4 57. Qf4+ Kh7 58. Qxe4 Qd7 59. Kg2 Qc7 60. Qe6 Qb7 61. Qd6 Qb5 62. Qe7+ Kh6 63. Qg5+ Kh7 64. Kh2 Qd3 65. g4 hxg4 66. h5 gxh5 67. Qxh5+ Kg7 68. Qxg4+ Kf7 69. Qg3 Qf5 70. Kg2 Qd5+ 71. Qf3+ Ke6 72. Kg3 Qxf3+ 73. Kxf3 Kd5 74. Ke3 Kxc5 75. Kd3 Kd5 76. f4 Ke6 77. Kc4 Kf5 78. Kc5 Kxf4 79. Kxc6 1/2-1/2


[Site "https://www.chess.com"]

[Event "Titled Tuesday Blitz May 30 Early 2023"]
[White "Arabidze, Meri"]
[Black "Korpics, Zsolt"]
[WhiteFideId "13604040"]
[BlackFideId "705241"]
[WhiteElo "2405"]
[BlackElo "2343"]
[Result "1-0"]
[Round "01"]
[TimeControl "180+2"]
[Date "2023.05.30"]
[WhiteClock "0:00:09"]
[BlackClock "0:00:00"]

1. d4 Nf6 2. Nf3 e6 3. c4 b6 4. Nc3 Bb7 5. Bg5 Bb4 6. e3 h6 7. Bh4 d5 8. Qa4+ Nc6 9. cxd5 Qxd5 10. Bb5 Bxc3+ 11. bxc3 O-O 12. Bxf6 gxf6 13. Bd3 f5 14. O-O Kh8 15. c4 Qd6 16. Qd1 Rg8 17. g3 Ne7 18. Nh4 Ng6 19. Qh5 Kh7 20. Rad1 Qe7 21. Nxg6 fxg6 22. Qh3 Qd6 23. f3 e5 24. d5 Qc5 25. Rfe1 Rae8 26. Qg2 Bc8 27. Kh1 Rgf8 28. e4 f4 29. Rg1 g5 30. gxf4 Rxf4 31. Be2 Ref8 32. Qg3 Qe3 33. Rde1 Qd2 34. a3 Qe3 35. a4 a5 36. Rgf1 Qc5 37. Qg1 Qb4 38. Ra1 Ba6 39. Rfb1 Qd2 40. Qe1 Qe3 41. Qf1 Bc8 42. Re1 g4 43. Qg1 Qxg1+ 44. Rxg1 gxf3 45. Bd3 f2 46. Rgf1 Bh3 47. c5 Bxf1 48. Rxf1 bxc5 49. Bb5 Rf3 50. Kg2 Kg6 51. Bd7 Kg5 52. Bf5 Kf4 53. h3 Ra3 54. Rxf2+ Kg5 55. Rc2 Rxa4 56. Rxc5 Rf7 57. Rc6 Kf4 58. Rxh6 Ra2+ 59. Kf1 Ra1+ 60. Ke2 Rh1 61. Ra6 Rh2+ 62. Kd3 Rg7 63. Rxa5 Rg3+ 64. Kc4 Rc2+ 65. Kb5 Rb3+ 66. Ka6 Rc1 67. Ka7 Rcb1 68. Ra4 Rb7+ 69. Ka8 Rb8+ 70. Ka7 R8b6 71. Ra5 R6b4 72. Ra3 Rb6 73. Ra5 Rb7+ 74. Ka8 Rb8+ 75. Ka7 R8b6 76. Ra3 R1b2 77. Ra4 Rb7+ 78. Ka8 R7b5 79. Ka7 Rb7+ 80. Ka8 Kg5 81. Ra3 R7b6 82. Ka7 Kf6 83. h4 Rh2 84. Ra5 Rxh4 85. d6 Rxd6 86. Kb7 c6 87. Kc7 Ke7 88. Rxe5+ Kf6 89. Kxd6 Rh1 90. Re6+ Kf7 91. Kxc6 Rc1+ 92. Kd5 Rd1+ 93. Ke5 Ra1 94. Rf6+ Ke7 95. Rb6 Ra5+ 96. Kf4 Ra4 97. Rb5 Ra1 98. Ke5 Ra4 99. Rb7+ Kf8 100. Kf6 Ra6+ 101. Be6 Ra8 102. Rh7 1-0


[Site "https://www.chess.com"]

[Event "Titled Tuesday Blitz May 30 Early 2023"]
[White "Szente Varga, Fruzsina"]
[Black "Melikyan, Gnel"]
[WhiteFideId "712264"]
[BlackFideId "54109990"]
[WhiteElo "1994"]
[BlackElo "2138"]
[Result "0-1"]
[Round "01"]
[TimeControl "180+2"]
[Date "2023.05.30"]
[WhiteClock "0:00:30"]
[BlackClock "0:00:56"]

1. e4 c5 2. Nf3 Nc6 3. Bb5 e6 4. b3 Nge7 5. Bb2 a6 6. Bxc6 Nxc6 7. O-O d5 8. exd5 Qxd5 9. Nc3 Qd7 10. Ne4 b6 11. d3 Bb7 12. Ne5 Nxe5 13. Bxe5 f6 14. Bc3 O-O-O 15. a4 a5 16. Nd2 Qd5 17. f3 e5 18. Nc4 Kc7 19. Nxa5 bxa5 20. Bxa5+ Kc8 21. Bxd8 Qxd8 22. a5 Ba6 23. Qe2 Qd4+ 24. Kh1 Bd6 25. Ra4 Qd5 26. f4 exf4 27. Qg4+ f5 28. Qg5 Re8 29. Qh5 g6 30. Qxh7 Bb7 31. Rg1 Qxg2+ 32. Rxg2 Re1# 0-1


[Site "https://www.chess.com"]

[Event "Titled Tuesday Blitz May 30 Early 2023"]
[White "Principe, Gerson"]
[Black "Mushini Ajay"]
[WhiteFideId "3804550"]
[BlackFideId "35066188"]
[WhiteElo "2229"]
[BlackElo "2145"]
[Result "0-1"]
[Round "01"]
[TimeControl "180+2"]
[Date "2023.05.30"]
[WhiteClock "0:00:00"]
[BlackClock "0:00:44"]

1. Nf3 d5 2. b3 c5 3. e3 Nc6 4. Bb5 Bd7 5. Bb2 a6 6. Bxc6 Bxc6 7. Ne5 Qc7 8. f4 Nf6 9. O-O e6 10. d3 Be7 11. Nd2 O-O 12. a4 b5 13. Nxc6 Qxc6 14. Qe2 Rac8 15. f5 exf5 16. Rxf5 Rfe8 17. axb5 axb5 18. Raf1 c4 19. bxc4 bxc4 20. Bd4 cxd3 21. cxd3 Qa4 22. Rg5 Rc6 23. Nf3 Re6 24. Qf2 g6 25. Re5 Ng4 26. Qb2 Nxe5 27. Bxe5 Ba3 28. Qc3 Qb4 29. Qxb4 Bxb4 30. Bd4 Rc6 31. Rb1 Bc5 32. Rc1 Rec8 33. Re1 Bxd4 34. Nxd4 Rc1 35. Rxc1 Rxc1+ 36. Kf2 Rd1 37. Ke2 Rh1 38. h3 Rg1 39. Kf2 Ra1 40. Ne2 Ra2 41. Kf3 Rd2 42. d4 g5 43. Nc3 f5 44. Nxd5 Kf7 45. Nb4 h5 46. Nc6 Kf6 47. Ne5 g4+ 48. hxg4 hxg4+ 49. Kg3 Re2 50. Nc4 Kg5 51. d5 Rc2 52. Ne5 Rd2 53. d6 Kf6 0-1


[Site "https://www.chess.com"]

[Event "Titled Tuesday Blitz May 30 Early 2023"]
[White "Fajdetic, Hrvoje"]
[Black "Souleidis, Georgios"]
[WhiteFideId "14501945"]
[BlackFideId "4206827"]
[WhiteElo "2185"]
[BlackElo "2401"]
[Result "0-1"]
[Round "01"]
[TimeControl "180+2"]
[Date "2023.05.30"]
[WhiteClock "0:00:02"]
[BlackClock "0:00:12"]

1. d4 Nf6 2. Bf4 g6 3. Nc3 d5 4. e3 Bg7 5. h4 h5 6. Nf3 O-O 7. Ne5 c5 8. Be2 cxd4 9. exd4 Nc6 10. Qd2 Qb6 11. O-O-O Be6 12. f3 Rac8 13. g4 Rfd8 14. Rhg1 a6 15. gxh5 Nxh5 16. Nxg6 fxg6 17. Rxg6 Bf7 18. Rxg7+ Nxg7 19. Rg1 Qxd4 20. Qxd4 Nxd4 21. Rxg7+ Kxg7 22. Be5+ Kh7 23. Bxd4 Bh5 24. Bd3+ Bg6 25. Bf1 e6 26. Bh3 Bf5 27. Bxf5+ exf5 28. Bf6 Rd7 29. Kd2 Rc6 30. Bg5 d4 31. Ne2 Rcd6 32. Nf4 b5 33. a3 a5 34. Nd3 Rb7 35. Bf4 Rd5 36. Bg5 b4 37. axb4 axb4 38. Bf6 Rb6 39. Bg5 Rb7 40. b3 Ra5 41. Bd8 Ra1 42. Bf6 Rh1 43. Bxd4 Rh2+ 44. Kc1 Rxh4 45. Bc5 Rh3 46. f4 Kg6 47. Kb2 Rf3 48. Bd6 Kh5 49. Nxb4 Rxb4 50. Bxb4 Rxf4 51. Bd6 Rd4 52. Be5 Rd5 53. Bc7 Rd7 54. Bf4 Kg4 55. Bc1 f4 56. b4 f3 57. Be3 Re7 58. Bc5 Rc7 59. Bb6 Rb7 60. Bc5 Rxb4+ 61. Kc3 Rb8 62. Kd4 Rc8 63. Bb6 f2 64. Kd5 f1=Q 65. c4 Qxc4+ 66. Kd6 Qc6+ 67. Ke7 Re8+ 0-1


[Site "https://www.chess.com"]

[Event "Titled Tuesday Blitz May 30 Early 2023"]
[White "Korchmar, Vasiliy"]
[Black "Ziatdinov, Raset"]
[WhiteFideId "24131750"]
[BlackFideId "2015323"]
[WhiteElo "2370"]
[BlackElo "2220"]
[Result "1-0"]
[Round "01"]
[TimeControl "180+2"]
[Date "2023.05.30"]
[WhiteClock "0:01:13"]
[BlackClock "0:01:21"]

1. e4 e6 2. d4 d5 3. e5 c5 4. c3 Nc6 5. Nf3 Bd7 6. Be2 Rc8 7. O-O cxd4 8. cxd4 f6 9. Nc3 fxe5 10. dxe5 Nge7 11. Nb5 Nf5 12. Bd3 g6 13. Bxf5 exf5 14. e6 Bxe6 15. Re1 Qd7 16. Ng5 Nd8 17. Nd4 Rc6 18. Nxc6 bxc6 19. Qe2 Ke7 20. Qe5 Rg8 21. Nxe6 Nxe6 22. Bg5+ Kf7 23. Qf6+ Ke8 24. Rxe6+ 1-0


[Site "https://www.chess.com"]

[Event "Titled Tuesday Blitz May 30 Early 2023"]
[White "Llanos, Guillermo"]
[Black "Schnaider, Ilan"]
[WhiteFideId "100358"]
[BlackFideId "169013"]
[WhiteElo "2225"]
[BlackElo "2224"]
[Result "1/2-1/2"]
[Round "01"]
[TimeControl "180+2"]
[Date "2023.05.30"]
[WhiteClock "0:00:18"]
[BlackClock "0:00:10"]

1. Nf3 Nf6 2. c4 g6 3. Nc3 Bg7 4. e4 e5 5. d4 exd4 6. Nxd4 O-O 7. f3 Re8 8. Be3 c6 9. Bd3 d5 10. cxd5 cxd5 11. O-O dxe4 12. Bxe4 Nxe4 13. Nxe4 Bf5 14. Nxf5 Qxd1 15. Ne7+ Rxe7 16. Rfxd1 Nc6 17. Bg5 Re6 18. Rd2 Rae8 19. Rad1 h6 20. Bh4 g5 21. Bf2 b6 22. Nd6 Rd8 23. Nf5 Rxd2 24. Rxd2 Be5 25. g4 Kh7 26. Rd7 Kg6 27. h4 gxh4 28. Nxh4+ Kh7 29. Nf5 Kg6 30. Kg2 h5 31. Nh4+ Kg5 32. Rxf7 hxg4 33. fxg4 Kxg4 34. Nf3 Bf4 35. Rg7+ Kh5 36. Kf1 Ne5 37. Nd4 Rd6 38. Re7 Rg6 39. Rxa7 Nd3 40. Rb7 Rf6 41. Rd7 Be3 42. Ke2 Bxf2 43. Kxd3 Bh4 44. Rd5+ Kg6 45. Rb5 Bf2 46. Ne2 Rd6+ 47. Ke4 Re6+ 48. Kf3 Bc5 49. Nf4+ Kf6 50. Nxe6 Kxe6 51. Ke4 Kd6 52. b4 Kc6 53. bxc5 Kxb5 54. cxb6 Kxb6 55. Kd5 Ka7 56. Kc6 Ka8 57. a4 Kb8 58. a5 Ka8 59. a6 Kb8 60. a7+ Ka8 61. Kb6 1/2-1/2


[Site "https://www.chess.com"]

[Event "Titled Tuesday Blitz May 30 Early 2023"]
[White "Pinheiro, Iung Alicio de O."]
[Black "Avalos Parra, Joao"]
[WhiteFideId "2104350"]
[BlackFideId "3402541"]
[WhiteElo "2283"]
[BlackElo "2173"]
[Result "0-1"]
[Round "01"]
[TimeControl "180+2"]
[Date "2023.05.30"]
[WhiteClock "0:00:00"]
[BlackClock "0:00:07"]

1. e4 e5 2. Nf3 Nc6 3. Bc4 Bc5 4. b4 Bxb4 5. c3 Be7 6. d4 Na5 7. Be2 d6 8. dxe5 dxe5 9. Qa4+ c6 10. Nxe5 Nf6 11. Nd2 O-O 12. O-O Be6 13. Rb1 Qc7 14. Ndf3 b5 15. Qc2 Rad8 16. h3 a6 17. Bf4 Qc8 18. c4 Nb7 19. Rfe1 Nc5 20. Bf1 Na4 21. Rbc1 Ba3 22. Rcd1 Bb4 23. Rxd8 Rxd8 24. Rb1 Ba5 25. cxb5 cxb5 26. Nc6 Re8 27. Rc1 Bc3 28. Ncd4 Bc4 29. e5 Nd5 30. Bg3 Nb4 31. Qe4 Bd5 32. Qh4 h6 33. Bf4 Nxa2 34. Rd1 Nb2 35. Ra1 Qd8 36. Qh5 Nb4 37. Nf5 N2d3 38. Bxh6 Bxf3 39. gxf3 g6 40. Qg4 Nxe5 0-1


[Site "https://www.chess.com"]